 Dungeon Crawl Stone Soup version 0.29-a0-356-g7bc237e783 (webtiles) character file.

Game seed: 14813049320656145977

79 Andy the Skirmisher (level 4, -1/36 HPs)
             Began as a Human Fighter on Apr 26, 2022.
             Was a Follower of Uskayaw.
             Slain by a gnoll
             ... wielding a +0 whip
              (5 damage)
             ... on level 3 of the Dungeon.
             The game lasted 00:20:32 (2897 turns).

Andy the Skirmisher (Human Fighter)                 Turns: 2897, Time: 00:20:32

Health: -1/36      AC:  9    Str: 19    XL:     4   Next: 64%
Magic:  4/4        EV:  9    Int:  8    God:    Uskayaw [*.....]
Gold:   153        SH:  5    Dex: 14    Spells: 3/3 levels left

rFire   . . .      SeeInvis .   a - +0 rapier
rCold   . . .      Faith    .   c - +0 buckler
rNeg    + . .      Spirit   .   d - +1 scale mail {rN+}
rPois   .          Reflect  .   (no helmet)
rElec   .          Harm     .   (no cloak)
rCorr   .          Rampage  .   r - +0 pair of gloves
Will    .....                   (no boots)
Stlth   ..........              (no amulet)
HPRegen 0.12/turn               (no ring)
MPRegen 0.09/turn               (no ring)

@: no status effects
A: strong 1
a: Renounce Religion, Stomp


You were on level 3 of the Dungeon.
You worshipped Uskayaw.
Uskayaw was noncommittal.
You visited 1 branch of the dungeon, and saw 4 of its levels.

You collected 153 gold pieces.

Inventory:

Hand Weapons
 a - a +0 rapier (weapon)
 g - a +0 hunting sling
 i - a +0 dagger
 n - a +0 hand axe
Missiles
 h - 89 stones (quivered)
 q - 2 silver boomerangs
Armour
 b - a +0 scale mail
 c - a +0 buckler (worn)
 d - a +1 scale mail of positive energy (worn)
 j - a +0 robe
 r - a +0 pair of gloves (worn)
 s - the +1 ring mail "Apheumoh" {+Blink rF+ rN++}
   (You found it on level 2 of the Dungeon)

   rF:        It protects you from fire.
   rN:        It greatly protects you from negative energy.
   +Blink:    It lets you blink.
Scrolls
 e - 2 scrolls of blinking
 f - 4 scrolls of identify {unknown}
 l - a scroll of fog {unknown}
 u - a scroll of enchant armour {unknown}
Potions
 k - a potion of mutation
 m - 2 potions of curing {unknown}


   Skills:
 + Level 3.6 Fighting
 + Level 2.7 Short Blades
 + Level 3.5 Armour
 + Level 3.6 Shields


You had 3 spell levels left.
You didn't know any spells.
Your spell library contained the following spells:

 Spells                   Type           Power      Damage    Failure   Level
 Ensorcelled Hibernation  Hex/Ice        0%         N/A       94%         2
 Passwall                 Tmut/Erth      0%         N/A       94%         2
 Swiftness                Air            0%         N/A       99%         3


Dungeon Overview and Level Annotations

Branches:
Dungeon (4/15)
 Temple: D:4-7

Altars:
Uskayaw


Innate Abilities, Weirdness & Mutations

Your muscles are strong. (Str +2)


Message History

The ufetubus closely misses you. The ufetubus hits you.
You block the hound's attack. You block the ufetubus's attack.
The ufetubus hits you. The hound bites you. The hound barely misses you.
The ufetubus hits you.
The ufetubus hits you but does no damage.
The ufetubus closely misses you. x2; The hound barely misses you.
Unknown command.
The ufetubus hits you. The ufetubus barely misses you.
The hound bites you but does no damage. The ufetubus barely misses you.
You block the ufetubus's attack.
The ufetubus hits you but does no damage.
The ufetubus barely misses you. The hound attacks as you move away!
The hound bites you but does no damage. You block the hound's attack.
The ufetubus hits you but does no damage.
The ufetubus barely misses you. The hound attacks as you move away!
The hound bites you but does no damage. The hound bites you.
The ufetubus hits you but does no damage.
The ufetubus closely misses you.
There is a stone staircase leading up here.
The ufetubus hits you but does no damage.
The ufetubus completely misses you. The hound bites you but does no damage.
You climb upwards.
The gnoll hits you but does no damage.
You block the gnoll's attack. x2; The gnoll closely misses you.
There is a stone staircase leading down here.
You feel extremely strange.
You feel robust.
You feel stronger. You block the hound's attack. The ufetubus hits you.
* * * LOW HITPOINT WARNING * * *
The ufetubus hits you but does no damage.
The gnoll hits you with a +0 whip.
* * * LOW HITPOINT WARNING * * *
The gnoll barely misses you. The hound bites you but does no damage.
You block the ufetubus's attack. The ufetubus barely misses you.
The ufetubus hits you but does no damage. x2
The hound bites you.
* * * LOW HITPOINT WARNING * * *
The gnoll hits you but does no damage. The gnoll hits you with a +0 whip.
You die...

###### #.....
#..... #.....
########## #.....
#........# #.....
#........# #.....
#hg......# #.....
#@5g.....# #.....
#g###g#+## #.....
#.# #...# ######
*#+#*##..#
***********
*,,,,##.g##########
*,,,,,,,,,*
*,,,,+..g...g......
*,,,,,,,,,*
*,,,,###g#####.####
*,,,,,,,,,* *,,,,*
#.g* #.#
*,,,,,,,,,*
*,,,,**#.g#**#.#***


You could see a hound, 4 gnolls and an ufetubus.

Vanquished Creatures
  3 adders (D:2)
  2 worms (D:2)
  2 dart slugs (D:2)
  2 orcs
  3 ball pythons
  4 bats (D:1)
  An endoplasm (D:2)
  4 giant cockroaches
  2 goblins
  3 hobgoblins
  2 jackals (D:2)
  5 kobolds
  2 quokkas (D:1)
  2 frilled lizards
  3 rats
40 creatures vanquished.

Vanquished Creatures (others)
  A fungus (D:1)
  2 plants (D:1)
3 creatures vanquished.

Grand Total: 43 creatures vanquished

Notes
Turn   | Place    | Note
-------+----------+-------------------------------------------
     0 | D:1      | Andy the Human Fighter began the quest for the Orb.
     0 | D:1      | Reached XP level 1. HP: 18/18 MP: 1/1
   218 | D:1      | Found a faded altar of an unknown god.
   241 | D:1      | Prayed at the altar of an unknown god.
   241 | D:1      | Became a worshipper of Uskayaw the Reveller
   241 | D:1      | Reached * piety under Uskayaw
   333 | D:1      | Reached XP level 2. HP: 24/24 MP: 2/2
   334 | D:1      | Reached ** piety under Uskayaw
   768 | D:1      | Reached *** piety under Uskayaw
   776 | D:1      | Reached XP level 3. HP: 29/29 MP: 3/3
  2023 | D:2      | Reached XP level 4. HP: 31/35 MP: 4/4
  2158 | D:2      | Identified the +1 ring mail "Apheumoh" {+Blink rF+ rN++}
  2837 | D:3      | Gained mutation: You are frail. (-10% HP) [potion of
                  | mutation]
  2881 | D:4      | HP: 1/32 [ufetubus (4)]
  2896 | D:3      | Lost mutation: You are frail. (-10% HP) [potion of
                  | mutation]
  2896 | D:3      | Gained mutation: Your muscles are strong. (Str +2) [potion
                  | of mutation]
  2897 | D:3      | Slain by a gnoll

Illustrated notes

Levels and vault maps discovered:
D:1:      dpeg_arrival_rooms_c, layout_basic,
          shapermc_ecumenical_altar_mp_ritualfount
D:2:      layout_basic, minmay_misc_feat_nine_boxes, grunt_decor_fettered,
          minmay_pentomino_p2
D:3:      layout_basic, palyth_temple_overflow_mages, nicolae_ru_path_of_blood,
          minmay_misc_feat_hallway
D:4:      layout_cave_pods

Action                   |  1- 3 |  4- 6 || total
-------------------------+-------+-------++-------
Melee: Rapier            |   110 |    60 ||   170
Invok: Stomp             |       |     1 ||     1
  Use: Potion            |       |     5 ||     5
       Scroll            |       |     2 ||     2
Armor: Scale mail        |    58 |    65 ||   123
Dodge: Dodged            |    39 |    66 ||   105
Block: Buckler           |    26 |    27 ||    53

Table legend: (Time is in decaauts)
 A = Elapsed time spent in this place.
 B = Non-inter-level travel time spent in this place.
 C = Inter-level travel time spent in this place.
 D = Time resting spent in this place.
 E = Time spent auto-exploring this place.
 F = Levels seen in this place.
 G = Mean time per level.
                   A        B        C        D        E       F      G
               +--------+--------+--------+--------+--------+-----+--------+
         Total |   2917 |   2910 |      7 |   1122 |      0 |   4 |  729.2 |
       Dungeon |   2917 |   2910 |      7 |   1122 |      0 |   4 |  729.2 |
               +--------+--------+--------+--------+--------+-----+--------+

Top non-repeatable levels by time:
     D:1: 1726 daAuts
     D:2: 1025 daAuts
     D:3: 145 daAuts
     D:4: 19 daAuts
